 Dungeon Crawl Stone Soup version 0.23.2-33-g5129a83184 (webtiles) character file.

Game seed: 15225896417091812558

140 Atelerd the Magician (level 5, 0/31 HPs)
             Began as an Octopode Wizard on July 10, 2019.
             Succumbed to big kobold's curare-tipped needle
             ... on level 3 of the Dungeon.
             The game lasted 00:04:35 (3246 turns).

Atelerd the Magician (Octopode Wizard)              Turns: 3246, Time: 00:04:36

Health: 0/31       AC:  3    Str:  7    XL:     5   Next: 23%
Magic:  2/11       EV: 13    Int: 21    God:
Gold:   105        SH:  0    Dex: 10    Spells: 3/12 levels left

rFire    . . .     SeeInvis .   h - +2 spear (freeze)
rCold    . . .     Gourm    .   (no shield)
rNeg     . . .     Faith    .   a - +0 hat
rPois    .         Spirit   .   (no amulet)
rElec    .         Reflect  .   (no ring)
rCorr    .         Harm     .   (no ring)
MR       .....                  (no ring)
Stlth    +++.......             (no ring)
HPRegen  0.10/turn              (no ring)
MPRegen  0.12/turn              (no ring)
                                (no ring)
                                (no ring)

@: lethally poisoned (0 -> -7), very slightly contaminated, slowed, drained,
very slow
A: almost no armour, stealthy swim, amphibious, 8 rings, constrict 8, slimy
green scales 1, camouflage 1, screaming 1, gelatinous body 1, MP-powered wands
a: no special abilities


You were on level 3 of the Dungeon.
You were very hungry.

You visited 1 branch of the dungeon, and saw 3 of its levels.

You collected 105 gold pieces.

Inventory:

Hand Weapons
 f - a +0 dagger
 h - a +2 spear of freezing (weapon)
Armour
 a - a +0 hat (worn)
Scrolls
 b - a scroll of magic mapping {unknown}
 d - 2 scrolls of enchant weapon {unknown}
 g - 2 scrolls of identify {unknown}
 i - a scroll of immolation {unknown}
 k - 4 scrolls of teleportation {unknown}
 l - a scroll of amnesia {unknown}
 n - a scroll of fog {unknown}
 p - a scroll of noise {unknown}
Potions
 e - 2 potions of curing {unknown}
 j - a potion of haste {unknown}
 m - 2 potions of mutation
 o - a potion of might {unknown}
Comestibles
 c - 4 rations


   Skills:
 - Level 2.2(1.6) Dodging
 - Level 2.6(2.1) Stealth
 + Level 4.1(3.5) Spellcasting
 * Level 3.5(3.0) Conjurations
   Level 1.0(0.4) Summonings
 - Level 1.0(0.4) Translocations


You had 3 spell levels left.
You knew the following spells:

 Your Spells              Type           Power        Failure   Level  Hunger
a - Magic Dart            Conj           ###.         3%          1    None
b - Mephitic Cloud        Conj/Pois/Air  #.......     26%         3    ###....
c - Blink                 Tloc           N/A          16%         2    ##.....
d - Conjure Flame         Conj/Fire      ##......     21%         3    ###....

Your spell library contained the following spells:

 Spells                   Type           Power        Failure   Level  Hunger
 Call Imp                 Summ           #.......     16%         2    ##.....
 Slow                     Hex            #.......     19%         2    ##.....


Dungeon Overview and Level Annotations

Branches:
Dungeon (3/15)

Altars:
Gozag
Okawaru

Annotations:
D:2 exclusion: downstairs


Innate Abilities, Weirdness & Mutations

You cannot wear most types of armour.
You are very stealthy in the water. (Stealth+)
You are amphibious.
You can wear up to eight rings at the same time.
You can use your tentacles to constrict eight enemies at once.
Your skin changes colour to match your surroundings (Stealth+).
Your rubbery body absorbs attacks. (AC +1, EV +1)
You are partially covered in slimy green scales. (AC +2)
You occasionally shout uncontrollably at your foes.
You expend magic power (3 MP) to strengthen your wands.


Message History

The big kobold hits you but does no damage.
The big kobold barely misses the goblin.
Found an escape hatch in the floor.
Casting: Blink (safe; 14% risk of failure)
Confirm with . or Enter, or press ? or * to list all spells.
You miscast Blink.
You are very lightly contaminated with residual magic.
The world appears momentarily distorted!
You feel sick. The goblin completely misses you.
The big kobold hits you with the cursed +0 whip of Foul Odors {drain, rC+}!
* * * LOW HITPOINT WARNING * * *
You feel drained.
* * * LOW HITPOINT WARNING * * *
The big kobold hits the goblin with a +0 short sword.
The goblin is killed!
It was a potion of mutation.
You feel extremely strange.
You feel your magical essence link to your wands.
You feel the urge to shout.
Slimy green scales grow over part of your body.
You die...

#..#....#. .# #..#..####
.# ##....## # ..#
##.....# # ..###
#...#..#####
###...##...#.......##
........###..####.).
...###...........# ##..#
.>.....@K######.####..##
...###)K...(.##.###...#.
..######........#('.
##....# ###..####..'. #
#.###[....###..'.
#.....##<......#.
##.######.###...##
#...## #..##..#..#
#......#..# #.###.#####


You could see 2 big kobolds.

Vanquished Creatures
  The ghost of chipichau the Sneak, a weakling SpAs (D:3)
  3 adders
  4 worms
  3 dart slugs
  2 leopard geckos (D:2)
  2 orcs (D:3)
  3 giant cockroaches
  6 goblins
  7 hobgoblins
  7 jackals
  A bat (D:3)
  5 frilled lizards
  9 kobolds
  9 rats
62 creatures vanquished.

Vanquished Creatures (others)
  A big kobold (D:3)
1 creature vanquished.

Grand Total: 63 creatures vanquished

Notes
Turn   | Place    | Note
-------+----------+-------------------------------------------
     0 | D:1      | Atelerd the Octopode Wizard began the quest for the Orb.
     0 | D:1      | Reached XP level 1. HP: 11/11 MP: 4/4
   513 | D:1      | Reached XP level 2. HP: 16/17 MP: 6/6
  1525 | D:2      | Reached XP level 3. HP: 18/21 MP: 8/8
  1536 | D:2      | Learned a level 3 spell: Mephitic Cloud
  1539 | D:2      | Learned a level 2 spell: Blink
  1543 | D:2      | Learned a level 3 spell: Conjure Flame
  1976 | D:2      | Reached XP level 4. HP: 19/27 MP: 5/9
  2141 | D:2      | Found an iron altar of Okawaru.
  2396 | D:3      | Found a runed translucent gate.
  2564 | D:3      | Found a runed translucent gate.
  2564 | D:3      | Found a runed translucent gate.
  2564 | D:3      | Noticed chipichau's ghost (weakling SpAs)
  2564 | D:3      | Noticed a big kobold
  2564 | D:3      | Noticed a big kobold
  2613 | D:3      | Found an opulent altar of Gozag.
  2866 | D:3      | Identified the cursed +0 whip of Foul Odors {drain, rC+}
  2866 | D:3      | Noticed a big kobold
  2874 | D:3      | Banished a big kobold
  2961 | D:3      | Reached skill level 4 in Spellcasting
  3157 | D:3      | Killed chipichau's ghost
  3157 | D:3      | Reached XP level 5. HP: 31/31 MP: 6/11
  3245 | D:3      | HP: 1/31 [big kobold/the cursed +0 whip of Foul Odors
                  | {drain, rC+} (2)]
  3246 | D:3      | Gained mutation: You expend magic power (3 MP) to
                  | strengthen your wands. [potion of mutation]
  3246 | D:3      | Gained mutation: You occasionally shout uncontrollably at
                  | your foes. [potion of mutation]
  3246 | D:3      | Gained mutation: You are partially covered in slimy green
                  | scales. (AC +2) [potion of mutation]
  3246 | D:3      | Succumbed to big kobold's curare-tipped needle

Skill      XL: |  1  2  3  4 |
---------------+-------------+-----
Conjurations   | 2 3 |  3.5
Spellcasting   | 4 |  4.1
Dodging        | |  2.2
Stealth        | |  2.6
Summonings     | |  1.0
Translocations | |  1.0

Action                   |  1- 3 |  4- 6 || total
-------------------------+-------+-------++-------
Melee: Unarmed           |    17 |       ||    17
       Constrict         |    17 |    10 ||    27
       Tentacles         |     5 |     5 ||    10
       Dagger            |    14 |       ||    14
       Spear             |    52 |    81 ||   133
 Cast: Magic Dart        |    12 |     9 ||    21
       Mephitic Cloud    |     2 |     5 ||     7
       Conjure Flame     |     2 |     2 ||     4
       Blink             |       |     3 ||     3
  Use: Potion            |       |     1 ||     1
 Stab: Sleeping          |     8 |     3 ||    11
       Confused          |     1 |     1 ||     2
  Eat: Chunk             |     3 |     4 ||     7
Armor: Skin              |     2 |     4 ||     6
Dodge: Dodged            |    29 |    35 ||    64
